 Dungeon Crawl Stone Soup version 0.24-a0-584-g9d6b971ae4 (webtiles) character file.

Game seed: 14360647452706053527, levelgen mode: deterministic

38 Gynju the Poker (level 3, -4/29 HPs)
             Began as a Merfolk Abyssal Knight on Sept 2, 2019.
             Was a Follower of Lugonu.
             Slain by an orc
             ... wielding a +0 dagger
              (5 damage)
             ... on level 1 of the Dungeon.
             The game lasted 00:02:31 (1900 turns).

Gynju the Poker (Merfolk Abyssal Knight)            Turns: 1900, Time: 00:02:32

Health: -4/29      AC:  3    Str: 13    XL:     3   Next: 43%
Magic:  4/4        EV: 13    Int: 11    God:    Lugonu [*.....]
Gold:   105        SH:  0    Dex: 13    Spells: 2/2 levels left

rFire    . . .     SeeInvis .   a - +1 spear
rCold    . . .     Gourm    .   (no shield)
rNeg     . . .     Faith    .   b - +0 leather armour
rPois    .         Spirit   .   (no helmet)
rElec    .         Reflect  .   (no cloak)
rCorr    .         Harm     .   (no gloves)
MR       .....                  (no boots)
Stlth    +.........             (no amulet)
HPRegen  0.09/turn              (no ring)
MPRegen  0.09/turn              (no ring)

@: no status effects
A: change form in water, swift swim, stealthy swim
a: Depart the Abyss, Renounce Religion


You were on level 1 of the Dungeon.
You worshipped Lugonu.
Lugonu was aware of your devotion.
You were very hungry.

You visited 1 branch of the dungeon, and saw 2 of its levels.
You visited the Abyss 1 time.

You collected 105 gold pieces.

Inventory:

Hand Weapons
 a - a +1 spear (weapon)
Armour
 b - a +0 leather armour (worn)
Scrolls
 d - 4 scrolls of identify {unknown}
 e - 2 scrolls of teleportation {unknown}
 h - a scroll of amnesia {unknown}
Potions
 f - a potion of berserk rage {unknown}
 g - a potion of cancellation {unknown}
 i - a potion of might {unknown}
Comestibles
 c - 7 rations


   Skills:
 + Level 3.5 Fighting
 * Level 4.0 Polearms
 + Level 1.0 Armour
 + Level 3.2 Dodging
 + Level 2.4 Invocations


You had 2 spell levels left.
You didn't know any spells.
Your spell library was empty.

Dungeon Overview and Level Annotations

Branches:
Dungeon (2/15)

Altars:


Message History

You are too injured to fight recklessly!
You are too injured to fight recklessly!
You are too injured to fight recklessly!
You are too injured to fight recklessly!
You are too injured to fight recklessly!
You are too injured to fight recklessly!
You are too injured to fight recklessly!
You are too injured to fight recklessly!
You hit the kobold.
The kobold is severely wounded.
The kobold hits you with a +0 whip.
* * * LOW HITPOINT WARNING * * *
The orc hits you with a +0 dagger.
* * * LOW HITPOINT WARNING * * *
The orc hits you with a +0 hand axe.
* * * LOW HITPOINT WARNING * * *
You hit the kobold but do no damage.
The kobold is severely wounded.
The kobold closely misses you. The orc hits you with a +0 dagger.
You die...

# #.# #'#'#'#'#'#'#'# #
#.####.#.#.#.#.#.#.### #
#)#.).......<.......'. #
#.####.#.#.#.#.#.#.### # #.#
#'#'#'#'#'#'#'# ## #.#
#.#.#.#.#.#.#.# .# #.#
########.#######
.###########.###.o......#
...............o@########
.......#####.###K# ######.##
#.###.# # #..####.....# #
#.........#.# ######.........#.#
.....#.........#.#
.....#.........#.################
...............................(.


You could see 2 orcs and a kobold.

Vanquished Creatures
  A dart slug (D:2)
  2 leopard geckos
  3 orcs
  2 bats
  3 giant cockroaches
  A goblin (D:1)
  6 hobgoblins (D:1)
  2 frilled lizards (D:1)
  4 kobolds
  6 rats (D:1)
30 creatures vanquished.

Notes
Turn   | Place    | Note
-------+----------+-------------------------------------------
     0 | Abyss:1  | Gynju the Merfolk Abyssal Knight began the quest for the
                  | Orb.
     0 | Abyss:1  | Reached XP level 1. HP: 18/18 MP: 2/2
    73 | Abyss:1  | Noticed an ancient zyme
    74 | D:1      | Escaped the Abyss
   255 | D:1      | Reached * piety under Lugonu
   355 | D:1      | Reached XP level 2. HP: 14/24 MP: 3/3
  1464 | D:2      | Reached XP level 3. HP: 29/29 MP: 4/4
  1719 | D:2      | Reached skill level 1 in Armour
  1893 | D:1      | Reached skill level 4 in Polearms
  1899 | D:1      | HP: 1/29 [orc/+0 hand axe (3)]
  1900 | D:1      | Slain by an orc

Levels and vault maps discovered:
D:1:      onia_arrival_larder, layout_basic, chequers_serial_rivers_small_b,
          roderic_lattice_a
D:2:      layout_rooms, first_ration

Skill      XL: |  1  2  3 |
---------------+----------+-----
Dodging        | 3 |  3.2
Armour         | 1 |  1.0
Polearms       | 4 |  4.0
Fighting       | |  3.5
Invocations    | |  2.4

Action                   || total
-------------------------++-------
Melee: Spear             ||   113
Invok: Depart the Abyss  ||     1
 Stab: Sleeping          ||     1
  Eat: Chunk             ||     2
Armor: Leather armour    ||    10
Dodge: Dodged            ||    64

Table legend:
 A = Non-vault XP
 B = Vault XP
 C = Vault XP percentage of total XP
 D = Non-vault monster count
 E = Vault monster count
 F = Vault count percentage of total count
                 A         B        C        D         E       F
            +---------+---------+-------+---------+---------+-------
      Total |      51 |       4 |   7.3 |      27 |       3 |  10.0
            +---------+---------+-------+---------+---------+-------
        D:1 |      32 |       4 |  11.1 |      19 |       3 |  13.6
        D:2 |      19 |       0 |   0.0 |       8 |       0 |   0.0
            +---------+---------+-------+---------+---------+-------
